 Dungeon Crawl Stone Soup version 0.25-a0-547-g27a0b5d1ef (console) character file.

Game seed: 1018788168874558535, levelgen mode: deterministic

65 utis the Conjurer (level 4, 24/24 HPs)
             Began as a Tengu Wizard on Feb 21, 2020.
             Quit the game on level 2 of the Dungeon.
             The game lasted 00:04:14 (1857 turns).

utis the Conjurer (Tengu Wizard)                    Turns: 1857, Time: 00:04:15

Health: 24/24      AC:  2    Str:  7    XL:     4   Next: 13%
Magic:  9/9        EV: 13    Int: 19    God:
Gold:   90         SH:  0    Dex: 13    Spells: 1/9 levels left

rFire    . . .     SeeInvis .   f - +0 whip
rCold    . . .     Gourm    .   (no shield)
rNeg     . . .     Faith    .   a - +0 robe
rPois    .         Spirit   .   b - +0 hat
rElec    .         Reflect  .   (no cloak)
rCorr    .         Harm     .   (no gloves)
MR       .....                  (boots unavailable)
Stlth    ++........             (no amulet)
HPRegen  0.08/turn              (no ring)
MPRegen  0.11/turn              (no ring)

@: no status effects
A: beak, talons 3
a: no special abilities


You were on level 2 of the Dungeon.
You were not hungry.

You visited 1 branch of the dungeon, and saw 2 of its levels.

You collected 90 gold pieces.

Inventory:

Hand Weapons
 f - a +0 whip (weapon)
Armour
 a - a +0 robe (worn)
 b - a +0 hat (worn)
Wands
 o - a wand of acid (6)
Scrolls
 e - 2 scrolls of remove curse {@r2}
 h - a scroll of enchant armour {unknown}
 m - a scroll of identify {unknown}
 p - a scroll of amnesia {unknown}
Potions
 c - a potion of degeneration {unknown}
 g - a potion of flight {unknown}
 i - a potion of might {unknown}
 k - a potion of ambrosia {unknown}
 l - 4 potions of curing {unknown}
 n - a potion of resistance {unknown}
Comestibles
 d - 3 rations {@e1}
 j - 3 chunks of flesh


   Skills:
 + Level 3.6 Dodging
 - Level 2.0 Stealth
 + Level 3.0 Spellcasting
 + Level 3.6 Conjurations
 - Level 1.2 Summonings
 - Level 0.7 Translocations


You had one spell level left.
You knew the following spells:

 Your Spells              Type           Power        Failure   Level  Hunger
a - Magic Dart            Conj           ###.         3%          1    None
o - Conjure Flame         Conj/Fire      #.......     22%         3    ###....
p - Call Imp              Summ           #.......     14%         2    ##.....
v - Blink                 Tloc           N/A          17%         2    ##.....

Your spell library contained the following spells:

 Spells                   Type           Power        Failure   Level  Hunger
 Slow                     Hex            #.......     22%         2    ##.....
 Mephitic Cloud           Conj/Pois/Air  #.......     28%         3    ###....


Dungeon Overview and Level Annotations

Branches:
Dungeon (2/15)

Altars:
Elyvilon
Wu Jian


Innate Abilities, Weirdness & Mutations

You have a beak for a mouth.
You have claws for feet.


Message History

The goblin shouts!
The goblin unwields a +0 dagger.
The goblin wields a +0 hunting sling.
The goblin shoots a stone.
The stone hits you.
Casting: Magic Dart (safe; 3% risk of failure)
Confirm with . or Enter, or press ? or * to list all spells.
Aiming: Magic Dart (safe; 3% risk of failure)
Press: ? - help, Shift-Dir - straight line, f/p - goblin
Aim: a goblin, wielding a +0 hunting sling and quivering 29 stones (moderately wounded)
The magic dart hits the goblin.
You kill the goblin!
You start resting.
Magic restored.
Items here: )) † ➘ a +0 hunting sling; a +0 dagger; 29 stones; a goblin corpse You butcher the goblin corpse.
j - 3 chunks of flesh (gained 2)
Items here: )) ÷ ➘ a +0 hunting sling; a +0 dagger; 29 stones; a goblin skeleton Unknown command.
Are you sure you want to abandon this character and quit the game? (Confirm with "yes".)

░..........░
░.▒.....▒..░
░...._.....░░░░░
░.▒.....▒...... ░
░........... .░ ░.░
░.▒.⌠.⌠.▒.░░░.░...░
░.........░░Q...░
░.▒.....▒....░░░░
░░░░.........░..░
░░.>..░░░➘░░.░..░░
...░░░░ ░....░.░░
░░░░ ░░░.░░.░
..░░.░ ░.░░░.░
░░░░░ .. ░░[░


There were no monsters in sight!

Vanquished Creatures
  2 adders (D:2)
  A worm (D:2)
  7 bats
  2 giant cockroaches (D:1)
  11 goblins
  4 hobgoblins
  3 jackals (D:1)
  4 frilled lizards
  3 kobolds
  4 rats (D:1)
41 creatures vanquished.

Notes
Turn   | Place    | Note
-------+----------+-------------------------------------------
     0 | D:1      | utis the Tengu Wizard began the quest for the Orb.
     0 | D:1      | Reached XP level 1. HP: 10/10 MP: 5/5
   245 | D:1      | Reached XP level 2. HP: 6/15 MP: 2/7
   975 | D:1      | Reached XP level 3. HP: 19/19 MP: 6/8
  1143 | D:2      | Found an ornate altar of the Wu Jian Council.
  1493 | D:2      | Learned a level 2 spell: Call Imp
  1496 | D:2      | Learned a level 2 spell: Blink
  1500 | D:2      | Learned a level 3 spell: Conjure Flame
  1514 | D:2      | Reached XP level 4. HP: 24/24 MP: 7/9
  1824 | D:2      | Found a white marble altar of Elyvilon.
  1857 | D:2      | Quit the game

Levels and vault maps discovered:
D:1:      dpeg_arrival_boxorama, layout_rooms
D:2:      layout_rooms, elyvilon_altar_5, overflow_temple_1_default,
          uniq_crazy_yiuf_cottage

Skill      XL: |  1  2  3 |
---------------+----------+-----
Conjurations   | 2 3 |  3.6
Dodging        | 3 |  3.6
Stealth        | |  2.0
Spellcasting   | |  3.0
Summonings     | |  1.2
Translocations | |  0.7

Action                   |  1- 3 |  4- 6 || total
-------------------------+-------+-------++-------
Melee: Whip              |    11 |       ||    11
       Peck              |     4 |       ||     4
       Kick              |     2 |       ||     2
 Cast: Magic Dart        |    69 |    13 ||    82
  Use: Scroll            |     1 |       ||     1
  Eat: Chunk             |     2 |     1 ||     3
Armor: Robe              |     6 |       ||     6
Dodge: Dodged            |    35 |       ||    35

Table legend:
 A = Non-vault XP
 B = Vault XP
 C = Vault XP percentage of total XP
 D = Non-vault monster count
 E = Vault monster count
 F = Vault count percentage of total count
                 A         B        C        D         E       F
            +---------+---------+-------+---------+---------+-------
      Total |      93 |       0 |   0.0 |      41 |       0 |   0.0
            +---------+---------+-------+---------+---------+-------
        D:1 |      46 |       0 |   0.0 |      28 |       0 |   0.0
        D:2 |      47 |       0 |   0.0 |      13 |       0 |   0.0
            +---------+---------+-------+---------+---------+-------
